 Dungeon Crawl Stone Soup version 0.30.0-5-g1a98f26d00 (webtiles) character file.

Game seed: 5565697271759307317

66 sampeng1 the Insei (level 4, -1/33 HPs)
             Began as a Human Transmuter on May 10, 2023.
             Slain by Sigmund
             ... wielding a +0 scythe
              (2 damage)
             ... on level 3 of the Dungeon on May 11, 2023.
             The game lasted 00:10:17 (2577 turns).

sampeng1 the Insei (Human Transmuter)               Turns: 2577, Time: 00:10:18

Health: -1/33      AC:  6    Str: 11 (12) XL:     4   Next: 37%
Magic:  6/7        EV: 12    Int: 11 (14) God:
Gold:   106        SH:  0    Dex: 10 (13) Spells: 6/7 levels left

rFire   . .          .
                       - Unarmed
rCold   . . .        (no shield)
rNeg    . . .        a - +1 robe
rPois   .            l - melded +2 hat
rElec   .            (no cloak)
rCorr   .            o - +0 pair of gloves
SInv    .            (boots currently unavailable)
Will    .....        (no amulet)
Stlth   +            (no ring)
HPRegen 0.25/turn    (no ring)
MPRegen 0.10/turn

%: no passive effects
@: appendages, unable to read
A: horns 2, talons 2, iridescent scales 1, inability to read after injury 1,
sturdy frame 1
a: End Transformation


You were on level 3 of the Dungeon.
You had temporarily grown beastly horns and talons.
You visited 1 branch of the dungeon, and saw 3 of its levels.

You collected 106 gold pieces.

Inventory:

Missiles
 c - 13 poisoned darts (quivered)
 j - 28 stones
Armour
 a - a +1 robe (worn)
 h - a +0 ring mail
 l - a +2 hat (melded)
 o - a +0 pair of gloves (worn)
Jewellery
 k - the ring "Coom" {rC+ rN+ rCorr Str-3}
   (You found it on level 3 of the Dungeon)

   [ring of positive energy]

   Str:       It affects your strength (-3).
   rC:        It protects you from cold.
   rN:        It protects you from negative energy.
   rCorr:     It protects you from acid and corrosion.
Scrolls
 e - a scroll of amnesia
Potions
 b - 2 potions of lignification
 d - a potion of invisibility
 f - 2 potions of degeneration
 g - a potion of resistance {unknown}
 i - a potion of curing


   Skills:
 + Level 1.9 Fighting
 + Level 2.5 Dodging
 + Level 3.4 Unarmed Combat
 + Level 2.4 Spellcasting
 + Level 2.6 Transmutations


You had 6 spell levels left.
You knew the following spells:

 Your Spells              Type           Power      Damage    Failure   Level
a - Beastly Appendage     Tmut           14%        N/A       10%         1

Your spell library contained the following spells:

 Spells                   Type           Power      Damage    Failure   Level
 Wereblood                Tmut           7%         N/A       14%         2
 Magic Dart               Conj           4%         1d3       28%         1
 Call Imp                 Summ           2%         N/A       38%         2
 Spider Form              Tmut/Pois      4%         N/A       43%         3
 Mephitic Cloud           Conj/Pois/Air  1%         N/A       63%         3
 Ice Form                 Ice/Tmut       4%         N/A       85%         4


Dungeon Overview and Level Annotations

Branches:
Dungeon (3/15)

Altars:

Annotations:
D:3 Sigmund


Innate Abilities, Weirdness & Mutations

You have temporarily grown beastly horns and talons.
You are partially covered in iridescent scales. (AC +2)
You occasionally lose the ability to read scrolls when taking damage.
Your movements are slightly less encumbered by armour. (ER -2)


Message History

You barely miss something. Your kick misses something.
Your transformation is almost over.
Something hits you.
You hit something. Your headbutt misses something.
You hear some strange, mumbled words.
A magic dart appears from out of thin air!
The magic dart hits you!
You miss something. Something hits you but does no damage.
You miss something. Your kick misses something. You miss something.
Your headbutt misses something. Something hits you.
You closely miss something. You hit something. Your headbutt misses something.
Something hits you!
You closely miss something. Your headbutt misses something. Something hits you.
You feel threatened and lose the ability to read scrolls!
* * * LOW HITPOINT WARNING * * *
You miss something. Your kick misses something. Your headbutt misses something.
You can read scrolls again.
You closely miss something. Your kick misses something.
Your headbutt misses something.
Your horns disappear.
Your talons disappear.
Your +2 hat unmelds from your body.
Something completely misses you.
You closely miss something. Something hits you but does no damage.
You barely miss something. You hit something. Something hits you.
* * * LOW HITPOINT WARNING * * *
You hit something. You completely miss something.
You hear some strange, mumbled words.
Something tries to affect you, but you resist.
Casting: Beastly Appendage (safe; 10% risk of failure)
Confirm with . or Enter, or press ? or * to list all spells.
You grow a pair of large bovine horns.
Your feet morph into talons.
Your +2 hat melds into your body.
Something hits you but does no damage.
You barely miss something. Your headbutt misses something. Something hits you!
You feel threatened and lose the ability to read scrolls!
* * * LOW HITPOINT WARNING * * *
You barely miss something. You claw something. Your headbutt misses something.
You miss something. Your kick misses something. Your headbutt misses something.
Something hits you.
You die...

############
......{@...#
#####.####.# #########
#.####.#####........
#.#....##....#.#####
#@#.#####.####.##
#.#.#####.####..####
......#.......##........
################..##.##.
.. .........†.#.#.#


There were no monsters in sight!

Vanquished Creatures
  An adder (D:3)
  A worm (D:2)
  A dart slug (D:2)
  5 endoplasms
  2 giant cockroaches (D:1)
  5 goblins
  A hobgoblin (D:2)
  4 kobolds
  6 quokkas
  6 ball pythons
  5 bats
  4 frilled lizards
  9 rats
50 creatures vanquished.

Notes
Turn   | Place    | Note
-------+----------+-------------------------------------------
     0 | D:1      | sampeng1 the Human Transmuter began the quest for the Orb.
     0 | D:1      | Reached XP level 1. HP: 15/15 MP: 3/3
   144 | D:1      | Found a faded altar of an unknown god.
   153 | D:1      | Reached XP level 2. HP: 21/21 MP: 5/5
   424 | D:1      | Reached XP level 3. HP: 11/26 MP: 4/6
  1855 | D:2      | Reached XP level 4. HP: 31/33 MP: 5/7
  2065 | D:2      | Gained mutation: Your movements are slightly less
                  | encumbered by armour. (ER -2) [potion of mutation]
  2065 | D:2      | Gained mutation: You occasionally lose the ability to read
                  | scrolls when taking damage. [potion of mutation]
  2065 | D:2      | Gained mutation: You are partially covered in iridescent
                  | scales. (AC +2) [potion of mutation]
  2379 | D:3      | Identified the ring "Coom" {rC+ rN+ rCorr Str-3}
  2543 | D:3      | Noticed Sigmund
  2575 | D:3      | HP: 1/33 [something (7)]
  2577 | D:3      | Slain by Sigmund

Illustrated notes

Levels and vault maps discovered:
D:1:      amcnicky_arrival_flooded_fountain, layout_basic, serial_forest,
          infiniplex_forest_pool, infiniplex_forest_straight_3,
          infiniplex_forest_lined_corner, infiniplex_forest_lined_corner,
          infiniplex_forest_lined_2, infiniplex_forest_lined_2,
          basic_ecumenical_altar
D:2:      layout_basic
D:3:      layout_basic, serial_shops, nicolae_shop_gaudy_bauble,
          serial_co_window_serial, co_window_of_opportunity_a,
          co_window_paths_b, co_window_paths_b, co_window_of_opportunity_a,
          co_window_paths_a, co_window_paths_b, co_window_corner_a,
          co_window_broadway_a, co_window_2corner, co_window_broadway_a,
          co_window_paths_d, co_window_4corner_b, glass_columns_b, minivault_26,
          minmay_cut_off, uniq_sigmund, uniq_terence, uniq_grinder

Action                     |  1- 3 |  4- 6 || total
---------------------------+-------+-------++-------
  Melee: Unarmed           |   158 |    54 ||   212
         Kick              |     3 |     3 ||     6
         Headbutt          |     3 |       ||     3
         Punch             |     1 |       ||     1
   Cast: Beastly Appendage |     5 |     2 ||     7
    Use: Scroll            |     2 |     4 ||     6
         Potion            |       |     6 ||     6
   Stab: Sleeping          |     1 |       ||     1
 Armour: Robe              |    49 |    17 ||    66
  Dodge: Dodged            |   134 |    20 ||   154
